 Dungeon Crawl Stone Soup version 0.29-a0-360-g8ed1089bbe (webtiles) character file.

Game seed: 14488492278953116862

21 HendSelp the Slasher (level 2, -3/19 HPs)
             Began as a Tengu Monk on Apr 28, 2022.
             Killed from afar by Sigmund (11 damage)
             ... with a magic dart
             ... on level 2 of the Dungeon.
             The game lasted 00:01:20 (1176 turns).

HendSelp the Slasher (Tengu Monk)                   Turns: 1176, Time: 00:01:21

Health: -3/19      AC:  2    Str: 11    XL:     2   Next: 83%
Magic:  3/3        EV: 13    Int: 16    God:
Gold:   55         SH:  0    Dex: 16    Spells: 1/1 levels left

rFire   . . .      SeeInvis .   a - +0 falchion
rCold   . . .      Faith    .   (no shield)
rNeg    . . .      Spirit   .   b - +0 robe
rPois   .          Reflect  .   (helmet restricted)
rElec   .          Harm     .   (no cloak)
rCorr   .          Rampage  .   (no gloves)
Will    .....                   (boots unavailable)
Stlth   +.........              (no amulet)
HPRegen 0.06/turn               h - +6 ring of intelligence
MPRegen 0.08/turn               (no ring)

@: confused
A: beak, talons 3
a: no special abilities


You were on level 2 of the Dungeon.
You visited 1 branch of the dungeon, and saw 2 of its levels.

You collected 55 gold pieces.

Inventory:

Hand Weapons
 a - a +0 falchion (weapon)
Armour
 b - a +0 robe (worn)
Jewellery
 h - a +6 ring of intelligence (left hand)
Potions
 c - a potion of ambrosia
 d - a potion of degeneration {unknown}
 g - a potion of resistance


   Skills:
 + Level 3.3 Fighting
 + Level 3.7 Long Blades
 + Level 3.6 Dodging
 - Level 2.0 Stealth


You had one spell level left.
You didn't know any spells.
Your spell library was empty.

Dungeon Overview and Level Annotations

Branches:
Dungeon (2/15)

Altars:

Annotations:
D:2 Sigmund


Innate Abilities, Weirdness & Mutations

You have a beak for a mouth.
You have claws for feet.


Message History

The kobold barely misses you.
A kobold is nearby!
A kobold is nearby!
You hit the kobold. Your kick misses the kobold.
You peck the kobold, but do no damage.
The kobold is severely wounded.
The kobold hits you but does no damage.
A kobold is nearby!
You barely miss the kobold. Your kick misses the kobold.
The kobold is severely wounded.
The kobold barely misses you.
A kobold is nearby!
You hit the kobold but do no damage.
The kobold is severely wounded.
The kobold hits you with a +0 dagger.
A kobold is nearby!
You hit the kobold but do no damage. You claw the kobold.
You kill the kobold!
Things that are here:
a +0 dagger; a stone No target in view!
Sigmund the Dreaded comes into view.
He is wielding a +0 scythe.
Sigmund shouts!
Sigmund points at you and mumbles some strange words.
You are confused.
Unknown command.
You are too confused!
Sigmund is nearby!
You are too confused!
Sigmund is nearby!
You are too confused!
Unknown command.
You bump into the rock wall.
Sigmund gestures at you while chanting. The magic dart hits you!
Ouch! That really hurt!
Sigmund gestures at you while chanting. The magic dart hits you!
Ouch! That really hurt!
You die...

####### #
##########......
#.@.######.##............
#....@.#.#.##......##.
#.#####.##.###....###.
#.##..###..###..
#......######...
#.#.....# #.... #.##....#
#.... #.##...## ##...
#.#...## ##.. #.#..## ##.


You could see Sigmund.

Vanquished Creatures
  A dart slug (D:1)
  2 bats (D:1)
  2 endoplasms (D:1)
  A giant cockroach (D:1)
  2 hobgoblins (D:1)
  2 kobolds
  A quokka (D:2)
  2 ball pythons (D:1)
  4 frilled lizards (D:1)
  A rat (D:1)
18 creatures vanquished.

Notes
Turn   | Place    | Note
-------+----------+-------------------------------------------
     0 | D:1      | HendSelp the Tengu Monk began the quest for the Orb.
     0 | D:1      | Reached XP level 1. HP: 14/14 MP: 2/2
    57 | D:1      | Noticed a shining eye
    59 | D:1      | Found a faded altar of an unknown god.
    61 | D:1      | Noticed a shining eye
    61 | D:1      | Noticed a shining eye
    61 | D:1      | Noticed a floating eye
   321 | D:1      | Reached XP level 2. HP: 18/19 MP: 3/3
  1173 | D:2      | Noticed Sigmund
  1176 | D:2      | Killed from afar by Sigmund

Illustrated notes

Levels and vault maps discovered:
D:1:      dpeg_arrival_houses_and_road, layout_basic,
          hellmonk_ecumenical_altar_watching_god
D:2:      kennysheep_big_flooded_room, layout_loops_corners,
          chequers_serial_rivers_micro_d, minivault_19, minmay_split_cup_large,
          uniq_sigmund

Action                   || total
-------------------------++-------
Melee: Falchion          ||    33
       Peck              ||     4
       Kick              ||     7
  Use: Scroll            ||     3
 Stab: Sleeping          ||     5
Armor: Robe              ||     4
Dodge: Dodged            ||    14

Table legend: (Time is in decaauts)
 A = Elapsed time spent in this place.
 B = Non-inter-level travel time spent in this place.
 C = Inter-level travel time spent in this place.
 D = Time resting spent in this place.
 E = Time spent auto-exploring this place.
 F = Levels seen in this place.
 G = Mean time per level.
                   A        B        C        D        E       F      G
               +--------+--------+--------+--------+--------+-----+--------+
         Total |   1179 |   1161 |     18 |      0 |   1021 |   2 |  589.5 |
       Dungeon |   1179 |   1161 |     18 |      0 |   1021 |   2 |  589.5 |
               +--------+--------+--------+--------+--------+-----+--------+

Top non-repeatable levels by time:
     D:1: 1028 daAuts
     D:2: 150 daAuts
